 Dungeon Crawl Stone Soup version 0.30.0-19-g36f170ea60 (webtiles) character file.

Game seed: 14424107708139918184

63 Erymatos the Chopper (level 3, -1/51 HPs)
             Began as a Minotaur Berserker on May 29, 2023.
             Was a Believer of Trog.
             Slain by Sigmund
             ... wielding a +1 scythe of freezing
              (4 damage)
             ... on level 2 of the Dungeon.
             The game lasted 00:01:21 (979 turns).

Erymatos the Chopper (Minotaur Berserker)            Turns: 979, Time: 00:01:22

Health: -1/51      AC:  3    Str: 23    XL:     3   Next: 89%
Magic:  0/2        EV: 12    Int:  4    God:    Trog [**....]
Gold:   77         SH:  0    Dex:  9    Spells: 2/2 levels left

rFire   . . .        a - +0 hand axe
rCold   . . .        (no shield)
rNeg    . . .        b - +0 animal skin
rPois   .            (helmet restricted)
rElec   .            (no cloak)
rCorr   .            f - +0 pair of gloves
SInv    .            (no boots)
Will    .....        g - amulet of guardian spirit Stlth
                     (no ring)
HPRegen 0.28/turn    (no ring)
MPRegen 0.08/turn

%: guardian spirit
@: berserking (expiring), very quick
A: horns 2, retaliatory headbutt
a: Renounce Religion, Berserk, Trog's Hand


You were on level 2 of the Dungeon.
You worshipped Trog.
Trog was pleased with you.
You visited 1 branch of the dungeon, and saw 2 of its levels.

You collected 77 gold pieces.

Inventory:

Hand Weapons
 a - a +0 hand axe (weapon)
Armour
 b - a +0 animal skin (worn)
 f - a +0 pair of gloves (worn)
Jewellery
 g - an amulet of guardian spirit (around neck)
Scrolls
 c - 4 scrolls of identify {unknown}
 d - a scroll of fog {unknown}
 j - a scroll of brand weapon {unknown}
Potions
 e - a potion of attraction {unknown}
 h - 2 potions of curing {unknown}
 i - 2 potions of ambrosia {unknown}


   Skills:
 + Level 4.6 Fighting
 + Level 4.7 Axes
 + Level 2.6 Armour
 + Level 2.6 Dodging


You had 2 spell levels left.
You didn't know any spells.
Your spell library was empty.

Dungeon Overview and Level Annotations

Branches:
Dungeon (2/15)

Altars:

Annotations:
D:2 Sigmund


Innate Abilities, Weirdness & Mutations

You have a pair of horns on your head.
You reflexively headbutt those who attack you in melee.


Message History

You are too injured to fight recklessly!
Unknown command.
You are too injured to fight recklessly!
You are too injured to fight recklessly!
Unknown command.
You are too injured to fight recklessly!
Unknown command.
You are too injured to fight recklessly!
You are too injured to fight recklessly!
You barely miss Robin. You miss something. Robin misses you.
You hit Robin. You headbutt Robin.
Robin is heavily wounded.
You closely miss something.
You hear some strange, mumbled words.
Something tries to affect you, but you resist.
Robin points. "Kill!"
Robin barely misses you.
You slash Robin! Your headbutt misses Robin.
Robin is almost dead.
You miss something. Something hits you but does no damage.
Unknown command.
You hit Robin.
You kill Robin!
Trog accepts your kill.
You miss something. You closely miss something. Something hits you.
Something freezes you.
Unknown command.
You miss something. Your headbutt misses something. You hit something.
You hear some strange, mumbled words.
A puff of flame appears from out of thin air!
The puff of flame hits you!
* * * LOW HITPOINT WARNING * * *
Unknown command.
You closely miss something.
Unknown command.
You barely miss something. Something hits you!
* * * LOW HITPOINT WARNING * * *
Something freezes you.
You die...

........###...########
.#.#..#.####.##
.........#####
##.##.###.## # #.#
##.# ... #.# ### ##)#
###.###.## #....)@##
#.###{.# #..# ...#
.##.# #. #.# . ..# ##
###


There were no monsters in sight!

Vanquished Creatures
  Robin (D:2)
  An adder (D:2)
  4 ball pythons (D:1)
  6 endoplasms
  A giant cockroach (D:2)
  11 goblins
  4 hobgoblins
  3 kobolds
  A quokka (D:1)
  A bat (D:1)
  A frilled lizard (D:1)
  2 rats
36 creatures vanquished.

Notes
Turn   | Place    | Note
-------+----------+-------------------------------------------
     0 | D:1      | Erymatos the Minotaur Berserker began the quest for the
                  | Orb.
     0 | D:1      | Reached XP level 1. HP: 19/19 MP: 0/0
   292 | D:1      | Reached XP level 2. HP: 24/27 MP: 1/1
   862 | D:2      | Reached XP level 3. HP: 32/33 MP: 2/2
   897 | D:2      | Reached ** piety under Trog
   913 | D:2      | Identified the staff of fire "Ucevuiv" {rF+ rN++ Stlth-}
   950 | D:2      | Noticed Robin
   955 | D:2      | Noticed Sigmund
   974 | D:2      | Killed Robin
   979 | D:2      | Slain by Sigmund

Illustrated notes

Levels and vault maps discovered:
D:1:      dpeg_arrival_long_road, layout_loops_ring, st_stairs_13
D:2:      layout_loops_cross, ebering_ecumenical_altar_ruins,
          grunt_ministairs_1, item_on_display_a, uniq_natasha, uniq_robin,
          uniq_sigmund

Skill      XL: |  1  2 |
---------------+-------+-----
Axes           | 4 |  4.7
Fighting       | 4 |  4.6
Armour         | |  2.6
Dodging        | |  2.6

Action                     || total
---------------------------++-------
  Melee: Hand axe          ||    77
         Headbutt          ||     6
         Punch             ||     1
 Invoke: Berserk           ||     1
 Armour: Animal skin       ||    13
  Dodge: Dodged            ||    35
